[Event "Washington Class Ch - D Section"]
[Site "Redmond, WA"]
[Date "2009.11.29"]
[Round "5"]
[White "Nagase, Masayuki"]
[Black "Davis, Fred"]
[Result "1-0"]
[ECO "A33"]
[WhiteElo "1206"]
[BlackElo "1220"]
[PlyCount "117"]
[EventDate "2009.11.29"]
[Source "NWChess.com"]
[SourceDate "2009.12.26"]
[TimeControl "40/7200:20/3600:1800"]

{2048MB, MyBook18.4.ctg, DAVIDSANDPEN-PC} 1. d4 Nf6 2. c4 e6 3. Nc3 c5 4. Nf3
cxd4 5. Nxd4 Nc6 6. Bf4 Bc5 7. Nxc6 bxc6 8. Bd6 Bxd6 9. Qxd6 Qe7 10. Rd1 Qxd6
11. Rxd6 O-O 12. e3 Rd8 13. Be2 Ne8 14. Rd2 d5 15. c5 a5 16. Na4 Ba6 17. Nb6
Ra7 18. a3 Nc7 19. Bxa6 Rxa6 20. Ke2 Na8 21. Nc4 Nc7 22. e4 Raa8 23. Nd6 Ne8
24. e5 Nxd6 25. cxd6 Rab8 26. Rc1 Rb6 27. Rc5 Rdb8 28. Rxa5 Rxb2 29. Rxb2 Rxb2+
30. Kd3 Rb8 31. Rc5 Rc8 32. a4 Kf8 33. a5 Ke8 34. a6 Kd7 35. a7 Ra8 36. Ra5 Kc8
37. Kd4 Kb7 38. Kc5 g6 39. Ra1 h6 40. g4 g5 41. f3 Kc8 42. Kxc6 d4 43. Kb6 d3
44. Rd1 Kd7 45. Kb7 Rc8 46. a8=Q Rxa8 47. Kxa8 Kc8 48. Rxd3 Kd7 49. Kb7 Kd8 50.
d7 h5 51. gxh5 g4 52. h6 gxf3 53. Rxf3 Kxd7 54. h7 Ke8 55. h8=Q+ Ke7 56. Qf6+
Ke8 57. Qxf7+ Kd8 58. Kc6 Kc8 59. Qf8# 1-0